 Dungeon Crawl Stone Soup version 0.18.1-8-gdd0e5ea (webtiles) character file.

212 Gagarin the Shield-Bearer (level 5, -3/47 HPs)
             Began as a Hill Orc Fighter on May 31, 2016.
             Was an Initiate of Okawaru.
             Killed from afar by Ijyb (20 damage)
             ... with a wand of lightning
             ... on level 3 of the Dungeon.
             The game lasted 00:09:27 (2630 turns).

Gagarin the Shield-Bearer (Hill Orc Fighter)        Turns: 2630, Time: 00:09:27

Health: -3/47      AC:  7    Str: 20    XL:     5   Next: 89%
Magic:  5/5        EV:  9    Int:  8    God:    Okawaru [......]
Gold:   199        SH: 13    Dex: 10    Spells: 0 memorised, 4 levels left

rFire  + . .     SeeInvis .     a - +0 war axe
rCold  . . .     Gourm    .     w - +0 ring mail {rF+}
rNeg   . . .     Faith    .     c - +0 shield
rPois  .         Spirit   .     s - +0 helmet
rElec  .         Dismiss  .     (no cloak)
rCorr  .         Reflect  +     (no gloves)
SustAt .         Harm     .     (no boots)
MR     +....                    u - +4 amulet of reflection
Stlth  +.........               (no ring)
                                l - ring of protection from magic

@: somewhat resistant to hostile enchantments, very unstealthy
A: no striking features
a: Renounce Religion


You were on level 3 of the Dungeon.
You worshipped Okawaru.
Okawaru was noncommittal.
You were not hungry.

You visited 1 branch of the dungeon, and saw 3 of its levels.

You collected 199 gold pieces.

Inventory:

Hand Weapons
 a - a +0 war axe (weapon)
 d - a +1 flail
 n - a cursed -2 hunting sling
 B - a +0 dagger of holy wrath
Missiles
 o - 71 stones (quivered)
 A - 15 sling bullets
Armour
 b - a +0 scale mail
 c - a +0 shield (worn)
 i - a +1 hat
 s - a +0 helmet (worn)
 w - a +0 ring mail of fire resistance (worn)
Jewellery
 l - a ring of protection from magic (left hand)
 u - a +4 amulet of reflection (around neck)
 y - an uncursed amulet of guardian spirit {unknown}
Scrolls
 g - 5 scrolls of remove curse {unknown}
 h - 2 scrolls of fear {unknown}
 k - 2 scrolls of teleportation {unknown}
 r - a scroll of recharging {unknown}
 x - a scroll of amnesia {unknown}
 z - a scroll of identify {unknown}
Potions
 e - 2 potions of degeneration {unknown}
 j - a potion of flight {unknown}
 m - 3 potions of curing {unknown}
 p - a potion of haste {unknown}
 t - a potion of magic {unknown}
Comestibles
 f - a bread ration
 q - a meat ration
 v - 5 chunks of flesh


   Skills:
 + Level 4.5 Fighting
 + Level 3.6 Axes
 + Level 4.5 Armour
 + Level 1.2 Dodging
 + Level 0.6 Stealth
 + Level 4.7 Shields


You had 4 spell levels left.
You didn't know any spells.

Dungeon Overview and Level Annotations

Branches:
Dungeon (3/15)

Altars:
Okawaru

Annotations:
D:3 Ijyb; bananaglory's ghost, amateur TeHu


Message History

You block the giant cockroach's attack.
You hit the giant cockroach.
You kill the giant cockroach!
Okawaru accepts your kill.
Things that are here:
a dagger of holy wrath; a goblin corpse
Things that are here:
a dagger of holy wrath; a goblin corpse
B - a dagger of holy wrath You butcher the goblin corpse.
v - 5 chunks of flesh (gained 1)
Found an escape hatch in the floor.
Ijyb the Twisted Goblin comes into view.
He is wielding a club.
Ijyb shouts!
Ijyb zaps a wand.
The bolt of lightning misses you. The bolt of lightning hits you!
It is a wand of lightning.
Found a stone staircase leading down.
You hit Ijyb but do no damage.
Ijyb zaps a wand.
The bolt of lightning hits you! x2
You die...

.# ####..##
#######.>.>...
#...g@..# .#
#.#####.# ..
#####.# .
#.....### ##.##
#.###.#.##
#.#.## #....#
#..#.##
#.#.####...#.###
#...........#.##
##..#.##.....#.#


You could see Ijyb.

Vanquished Creatures
  A phantom (D:2)
  A wight (D:2)
  3 oozes
  2 worms (D:2)
  A dart slug (D:1)
  2 giant geckos (D:2)
  An orc (D:3)
  5 giant cockroaches
  12 goblins
  6 hobgoblins
  7 kobolds
  3 quokkas
  A ball python (D:1)
  10 bats
  4 giant newts
  5 rats
64 creatures vanquished.

Notes
Turn   | Place    | Note
--------------------------------------------------------------
     0 | D:1      | Gagarin the Hill Orc Fighter began the quest for the Orb.
     0 | D:1      | Reached XP level 1. HP: 19/19 MP: 1/1
   206 | D:1      | Reached XP level 2. HP: 26/27 MP: 2/2
   713 | D:2      | Reached XP level 3. HP: 33/33 MP: 3/3
  1049 | D:2      | Noticed a phantom
  1065 | D:2      | Reached XP level 4. HP: 14/40 MP: 4/4
  1080 | D:2      | HP: 2/40 [phantom (7)]
  1091 | D:2      | HP: 1/40 [phantom (2)]
  1094 | D:2      | Killed a phantom
  1094 | D:2      | Reached skill level 1 in Dodging
  1094 | D:2      | Reached XP level 5. HP: 2/47 MP: 5/5
  1814 | D:3      | Noticed bananaglory's ghost (amateur TeHu)
  2233 | D:3      | Found an iron altar of Okawaru.
  2264 | D:3      | Became a worshipper of Warmaster Okawaru
  2627 | D:3      | Noticed Ijyb
  2630 | D:3      | Killed from afar by Ijyb

Skill      XL: |  1  2  3  4 |
---------------+-------------+-----
Axes           | 3 |  3.6
Fighting       | 4 |  4.5
Shields        | 4 |  4.7
Armour         | 4 |  4.5
Dodging        | 1 |  1.2
Stealth        | |  0.6

Action                   |  1- 3 |  4- 6 || total
-------------------------+-------+-------++-------
Melee: War axe           |   107 |    91 ||   198
  Use: Potion            |       |     1 ||     1
  Eat: Chunk             |     1 |     5 ||     6
Armor: Scale mail        |    56 |    37 ||    93
       Ring mail         |       |     2 ||     2
Dodge: Dodged            |    43 |    33 ||    76
Block: Shield            |    52 |    74 ||   126
